 Dungeon Crawl Stone Soup version 0.29-a0-925-g0a7a3d12f8 (webtiles) character file.

Game seed: 10178561678838244206

41 spiderkeys the Slasher (level 3, 0/26 HPs)
             Began as an Octopode Chaos Knight on July 30, 2022.
             Was a Plaything of Xom.
             Slain by an adder (1 damage)
             ... on level 2 of the Dungeon.
             The game lasted 00:01:41 (1476 turns).

spiderkeys the Slasher (Octopode Chaos Knight)      Turns: 1476, Time: 00:01:41

Health: 0/26       AC:  1    Str: 11    XL:     3   Next: 52%
Magic:  3/3        EV: 13    Int: 14    God:    Xom [..*...]
Gold:   78         SH:  0    Dex: 13    Spells: 2/2 levels left

rFire   . . .      SeeInvis .   a - +0 falchion (chaos)
rCold   + . .      Faith    .   (no shield)
rNeg    . . .      Spirit   .   (helmet restricted)
rPois   .          Reflect  .   (no amulet)
rElec   .          Harm     .   (no ring)
rCorr   .          Rampage  .   (no ring)
Will    .....                   (no ring)
Stlth   ++........              (no ring)
HPRegen 0.08/turn               (no ring)
MPRegen 0.08/turn               (no ring)
                                (no ring)
                                (no ring)

@: lethally poisoned (0 -> -10)
A: almost no armour, amphibious, 8 rings, camouflage 1, gelatinous body 1,
(nimble swimmer 1), tentacles, beak, cold resistance 1, deterioration 1
a: Renounce Religion


You were on level 2 of the Dungeon.
You worshipped Xom.
You were a toy of Xom.
You visited 1 branch of the dungeon, and saw 2 of its levels.

You collected 78 gold pieces.


Innate Abilities, Weirdness & Mutations

You cannot wear most types of armour.
You are amphibious.
You can wear up to eight rings at the same time.
Your skin changes colour to match your surroundings (Stealth+).
Your rubbery body absorbs attacks. (AC +1, EV +1)
((You are camouflaged when in or above water. (Stealth+)))
You have tentacles for arms and can constrict up to eight enemies at once.
You have a beak for a mouth.
Your flesh is cold resistant. (rC+)
Your body sometimes deteriorates upon taking damage.


   Skills:
 + Level 3.5 Fighting
 + Level 3.5 Long Blades
 + Level 3.0 Dodging


You had 2 spell levels left.
You didn't know any spells.
Your spell library was empty.

Inventory:

Hand Weapons
 a - a +0 falchion of chaos (weapon)
Missiles
 g - 14 stones
Scrolls
 c - a scroll of brand weapon {unknown}
 d - 3 scrolls of identify {unknown}
 e - 2 scrolls of fear {unknown}
 f - a scroll of teleportation {unknown}
 j - a scroll of enchant armour {unknown}
Potions
 i - a potion of mutation {!q}
Miscellaneous
 b - a piece from Xom's chessboard (14/15) (quivered)

Dungeon Overview and Level Annotations

Branches:
Dungeon (2/15) Zot: 10514

Altars:

#.###.## #......##
###.....## # ##
##....[..###.##.
#.........##.#..
+.........+ ...(
#.........# #..
##.......###.##.###
##.....## #...S@?#
##...## ######.#
#####'## #.#
....#.# #.# ###.#<#
#.# #.#.## #.#
###....###### #.#
............# #.#
###....####.# #.#


You could see an adder (berserk, strong, very poisoned).


Message History

The giant cockroach bites you but does no damage. 😕 HP[-2]
You take 2 damage, and now have 21/26 hp.
You slash the giant cockroach!
You kill the giant cockroach!
The goblin hits you with a +0 dagger. 😕 HP[-1]
You take 1 damage, and now have 20/26 hp.
You hit the goblin. You grab the goblin. You constrict the goblin.
The goblin drinks a potion.
The goblin is healed!
The goblin closely misses you. 😕 HP[+1]
You barely miss the goblin. Your squeeze misses the goblin.
You constrict the goblin.
The goblin hits you with a +0 dagger. 😕 HP[-1]
You take 1 damage, and now have 20/26 hp.
You hit the goblin but do no damage. You constrict the goblin.
You kill the goblin!
Key pressed, stopping explore.
g - 14 stones (gained 5);
j - a scroll labelled WARHE WIUNOTUA
Things that are here:
a +0 dagger; a goblin corpse 😎 HP[+6]
Your hp is fully restored (26).
A frilled lizard comes into view.
There is an open door here.
Unknown command.
A frilled lizard is nearby!
A frilled lizard is nearby!
The frilled lizard hisses angrily.
You slash the frilled lizard!
The frilled lizard seems to slow down.
You freeze the frilled lizard.
You kill the frilled lizard!
No target in view!
No target in view!
You now have 78 gold pieces (gained 16).
Key pressed, stopping explore.
You see here a +0 leather armour.
Key pressed, stopping explore.
Key pressed, stopping explore.
Xom's power almost touches on you for a moment.
You do an impromptu tapdance.
An adder comes into view.
The helpless adder fails to defend itself.
You slash the adder!
The adder is poisoned.
Your grab misses the adder. Your squeeze misses the adder.
The adder closely misses you. The adder completely misses you.
You hit the adder but do no damage.
The adder goes berserk!
Your grab misses the adder. The adder bites you.
You are poisoned.
The adder poisons you! The adder bites you.
You are more poisoned.
The adder poisons you! 😮 HP[-9]
You take 9 damage, and now have 17/26 hp.
MASSIVE DAMAGE!! (PAUSE)
You closely miss the adder. Your grab misses the adder.
* * * LOW HITPOINT WARNING * * *
You feel very sick. The adder barely misses you. The adder misses you. 😨 HP[-4]
You take 4 damage, and now have 13/26 hp.
Unknown command.
You barely miss the adder. Your grab misses the adder.
Your squeeze misses the adder.
You feel sick. The adder bites you.
* * * LOW HITPOINT WARNING * * *
You are more poisoned.
The adder poisons you! The adder closely misses you. 😱 HP[-7]
You take 7 damage, and now have 6/26 hp.
MASSIVE DAMAGE!! (PAUSE)
You feel better. The adder bites you.
You are poisoned.
The adder poisons you! The adder bites you.
* * * LOW HITPOINT WARNING * * *
😨 HP[+5]
You regained 5 hp, and now have 11/26 hp.
Unknown command.
You make a move on Xom's chessboard...
The adder seems to grow stronger.
You feel sick. The adder bites you.
* * * LOW HITPOINT WARNING * * *
You are lethally poisoned!
The adder poisons you! The adder bites you.
* * * LOW HITPOINT WARNING * * *
You are more poisoned.
The adder poisons you! 😱 HP[-8]
You take 8 damage, and now have 3/26 hp.
MASSIVE DAMAGE!! (PAUSE) It was a potion of mutation.
You feel extremely strange.
You feel resistant to cold.
Your mouth lengthens and hardens into a beak!
You feel yourself wasting away.
Xom thinks this is hilarious!
* * * LOW HITPOINT WARNING * * *
You feel very sick. The adder bites you.
You die...
Xom yawns loudly!

Skill      XL: |  1  2  3 |
---------------+----------+-----
Dodging        | 3 |  3.0
Fighting       | |  3.5
Long Blades    | |  3.5

Action                   || total
-------------------------++-------
Melee: Falchion          ||    64
       Tentacles         ||    16
       Constrict         ||    13
Evoke: Piece from Xom's  ||     1
  Use: Potion            ||     2
 Stab: Sleeping          ||     6
Armor: Skin              ||     7
Dodge: Dodged            ||    46

Levels and vault maps discovered:
D:1:      nicolae_arrival_kraken_aquarium_a, layout_rooms
D:2:      layout_loops_corners

Notes
Turn   | Place    | Note
-------+----------+-------------------------------------------
     0 | D:1      | spiderkeys the Octopode Chaos Knight began the quest for
                  | the Orb.
     0 | D:1      | Reached XP level 1. HP: 16/16 MP: 1/1
     0 | D:1      | Noticed a naga
     0 | D:1      | Noticed a troll
     0 | D:1      | Noticed a demonspawn
     0 | D:1      | Noticed an elf
     0 | D:1      | Noticed a ghoul
     0 | D:1      | Noticed a kraken
     0 | D:1      | Noticed a vampire
     0 | D:1      | Noticed an octopode
     0 | D:1      | Noticed a tengu
     0 | D:1      | Noticed a merfolk
     0 | D:1      | magus.rc [v1.11.3]
     7 | D:1      | Killed a tengu
     7 | D:1      | Killed a ghoul
     9 | D:1      | Killed an octopode
    11 | D:1      | Killed a naga
    11 | D:1      | Killed a demonspawn
    11 | D:1      | Killed a merfolk
    13 | D:1      | Killed an elf
    14 | D:1      | Killed a vampire
    15 | D:1      | Killed a troll
    95 | D:1      | HP: 4/16 [ball python (3)]
    98 | D:1      | Reached XP level 2. HP: 5/21 MP: 2/2
   746 | D:1      | You fall into a shaft and drop 1 floor!
   798 | D:2      | XOM: silly message
   908 | D:2      | XOM: divination: magic mapping
   912 | D:2      | Reached XP level 3. HP: 21/26 MP: 3/3
  1161 | D:2      | Reached skill level 3 in Dodging
  1460 | D:2      | XOM: silly message
  1473 | D:2      | HP: 6/26 [adder (5)]
  1476 | D:2      | Gained mutation: Your flesh is cold resistant. (rC+)
                  | [potion of mutation]
  1476 | D:2      | Gained mutation: You have a beak for a mouth. [potion of
                  | mutation]
  1476 | D:2      | Gained mutation: Your body sometimes deteriorates upon
                  | taking damage. [potion of mutation]
  1476 | D:2      | HP: 1/26 [poisoned by an adder]
  1476 | D:2      | Slain by an adder

Vanquished Creatures
  2 dart slugs (D:2)
  4 bats
  An endoplasm (D:1)
  A giant cockroach (D:2)
  A goblin (D:2)
  2 hobgoblins
  5 jackals
  A kobold (D:2)
  4 quokkas
  5 ball pythons
  4 frilled lizards
  4 rats
34 creatures vanquished.

Vanquished Creatures (others)
  A ghoul (D:1)
  A demonspawn (D:1)
  An octopode (D:1)
  An elf (D:1)
  A merfolk (D:1)
  A troll (D:1)
  A vampire (D:1)
  A naga (D:1)
  A tengu (D:1)
  2 gnolls (D:1)
  An orc (D:1)
  4 tentacles (D:1)
16 creatures vanquished.

Grand Total: 50 creatures vanquished

Table legend:
 A = Non-vault XP
 B = Vault XP
 C = Vault XP percentage of total XP
 D = Non-vault monster count
 E = Vault monster count
 F = Vault count percentage of total count
                 A         B        C        D         E       F
            +---------+---------+-------+---------+---------+-------
      Total |      59 |       0 |   0.0 |      34 |       0 |   0.0
            +---------+---------+-------+---------+---------+-------
        D:1 |      24 |       0 |   0.0 |      15 |       0 |   0.0
        D:2 |      35 |       0 |   0.0 |      19 |       0 |   0.0
            +---------+---------+-------+---------+---------+-------

Illustrated notes

Table legend:
 A = Kills in this place as a percentage of kills in entire the game.
 B = Kills by you in this place as a percentage of kills by you in the entire game.
 C = Kills by friends in this place as a percentage of kills by friends in the entire game.
 D = Other kills in this place as a percentage of other kills in the entire game.
 E = Experience gained in this place as a percentage of experience gained in the entire game.
 F = Experience gained in this place divided by the number of levels of this place that you have seen.
                   A       B       C       D       E      F
               +-------+-------+-------+-------+-------+----------------------
         Total | 100.0 | 100.0 |   N/A |   N/A | 100.0 |  29.5
       Dungeon | 100.0 | 100.0 |   N/A |   N/A | 100.0 |  29.5
               +-------+-------+-------+-------+-------+----------------------

Table legend: (Time is in decaauts)
 A = Elapsed time spent in this place.
 B = Non-inter-level travel time spent in this place.
 C = Inter-level travel time spent in this place.
 D = Time resting spent in this place.
 E = Time spent auto-exploring this place.
 F = Levels seen in this place.
 G = Mean time per level.
                   A        B        C        D        E       F      G
               +--------+--------+--------+--------+--------+-----+--------+
         Total |   1484 |   1484 |      0 |      0 |   1282 |   2 |  742.0 |
       Dungeon |   1484 |   1484 |      0 |      0 |   1282 |   2 |  742.0 |
               +--------+--------+--------+--------+--------+-----+--------+

Top non-repeatable levels by time:
     D:1: 750 daAuts
     D:2: 734 daAuts
